 Dungeon Crawl Stone Soup version 0.29.1-1-gd02db6906a (webtiles) character file.

Game seed: 12813933656777062663

7 Icepheonix32 the Gusty (level 2, -1/15 HPs)
             Began as a Tengu Air Elementalist on Oct 5, 2022.
             Frozen to death by an endoplasm (5 damage)
             ... on level 1 of the Dungeon.
             The game lasted 00:00:22 (363 turns).

Icepheonix32 the Gusty (Tengu Air Elementalist)      Turns: 363, Time: 00:00:23

Health: -1/15      AC:  2    Str:  8    XL:     2   Next: 0%
Magic:  0/6        EV: 12    Int: 15    God:
Gold:   21         SH:  0    Dex: 14    Spells: 4/5 levels left

rFire   . . .      SeeInvis .   (no weapon)
rCold   . . .      Faith    .   (no shield)
rNeg    . . .      Spirit   .   a - +0 robe
rPois   .          Reflect  .   (helmet restricted)
rElec   .          Harm     .   (no cloak)
rCorr   .          Rampage  .   (no gloves)
Will    .....                   (boots unavailable)
Stlth   ++........              (no amulet)
HPRegen 0.05/turn               (no ring)
MPRegen 0.10/turn               (no ring)

@: no status effects
A: beak, talons 3
a: no special abilities


You were on level 1 of the Dungeon.
You visited 1 branch of the dungeon, and saw 1 of its levels.

You collected 21 gold pieces.

Inventory:

Armour
 a - a +0 robe (worn)
Potions
 b - a potion of magic


   Skills:
 + Level 2.2 Dodging
 + Level 2.0 Stealth
 + Level 2.0 Spellcasting
 * Level 1.5 Conjurations
 * Level 4.5 Air Magic


You had 4 spell levels left.
You knew the following spells:

 Your Spells              Type           Power      Damage    Failure   Level
a - Shock                 Conj/Air       40%        1d5       6%          1

Your spell library contained the following spells:

 Spells                   Type           Power      Damage    Failure   Level
 Static Discharge         Conj/Air       10%        3-5/arc   10%         2
 Swiftness                Air            15%        N/A       10%         3
 Airstrike                Air            7%         2d(2-18)  32%         4


Dungeon Overview and Level Annotations

Branches:
Dungeon (1/15)

Altars:


Innate Abilities, Weirdness & Mutations

You have a beak for a mouth.
You have claws for feet.


Message History

You kill the dart slug!
The rat closely misses you.
You have reached level 2!
The rat attacks as you move away! The rat barely misses you.
Found a faded altar of an unknown god.
A bat comes into view.
The rat attacks as you move away! The rat bites you.
* * * LOW HITPOINT WARNING * * *
Casting: Shock (safe; 6% risk of failure)
Confirm with . or Enter, or press ? or * to list all spells.
Aiming: Shock (safe; 6% risk of failure)
Press: ? - help, Shift-Dir - straight line, f - rat
Aim: a rat (68% to hit)
The zap misses the rat.
The rat barely misses you.
Unknown command.
Unknown command.
Unknown command.
An endoplasm and a ball python come into view.
The rat closely misses you. The rat attacks as you move away!
The rat barely misses you.
The ball python hisses angrily.
The endoplasm quivers.
A giant cockroach comes into view.
The rat barely misses you. The rat attacks as you move away!
The rat bites you but does no damage.
The endoplasm jiggles.
You barely miss the ball python. Your kick misses the ball python.
The frilled lizard hisses angrily.
The ball python misses you. The ball python barely misses you.
The rat closely misses you.
Casting: Shock (safe; 6% risk of failure)
Confirm with . or Enter, or press ? or * to list all spells.
Aiming: Shock (safe; 6% risk of failure)
Press: ? - help, Shift-Dir - straight line, p - rat The zap hits the rat.
You kill the rat!
The ball python closely misses you. x2
The endoplasm freezes you.
You are frozen.
You die...

## #...# #.# .###
#...# #.# #.P#
#l..###.# .###
#.#######.......#
##
#b.........###.##
# ##.........#
#..........# #
#†P.P.♣♣...# ###
#@PPPP.....# .P#
#.JSPP._.....#
###
#.#B.♣.♣PP...# #
#.#..♣P♣♣....# #
# #...P.....## #
#...... .# ...##
## ####


You could see an endoplasm, a giant cockroach, a ball python and a frilled
lizard.

Vanquished Creatures
  A dart slug (D:1)
  A ball python (D:1)
  An endoplasm (D:1)
  A bat (D:1)
  2 rats (D:1)
6 creatures vanquished.

Vanquished Creatures (others)
  A fungus (D:1)
  3 plants (D:1)
4 creatures vanquished.

Grand Total: 10 creatures vanquished

Notes
Turn   | Place    | Note
-------+----------+-------------------------------------------
     0 | D:1      | Icepheonix32 the Tengu Air Elementalist began the quest for
                  | the Orb.
     0 | D:1      | Reached XP level 1. HP: 10/10 MP: 4/4
   350 | D:1      | Reached XP level 2. HP: 5/15 MP: 1/6
   352 | D:1      | Found a faded altar of an unknown god.
   363 | D:1      | Frozen to death by an endoplasm

Illustrated notes

Levels and vault maps discovered:
D:1:      nagdon_arrival_zigzag_paths, layout_loops_ring,
          dreamdust_ecumenical_altar_grove, solitary_fountain, st_stairs_9

Action                   || total
-------------------------++-------
Melee: Unarmed           ||     8
       Peck              ||     2
 Cast: Shock             ||    15
Armor: Robe              ||     3
Dodge: Dodged            ||    14
